 Dungeon Crawl Stone Soup version 0.31-a0-145-g046c7d2549 (webtiles) character file.

Game seed: 5776319018154296995

354 Faragor the Magician (level 6, -2/32 HPs)
             Began as a Deep Elf Conjurer on June 6, 2023.
             Shot with an arrow by a centaur (8 damage)
             ... on level 5 of the Dungeon.
             The game lasted 00:15:35 (7616 turns).

Faragor the Magician (Deep Elf Conjurer)            Turns: 7616, Time: 00:15:37

Health: -2/32      AC:  3    Str:  4    XL:     6   Next: 35%
Magic:  23/26      EV: 13    Int: 25    God:
Gold:   224        SH:  0    Dex: 13    Spells: 6/17 levels left

rFire   . . .        t - +2 flail (protect)
rCold   . . .        (no shield)
rNeg    . . .        a - +0 robe
rPois   .            (no helmet)
rElec   .            (no cloak)
rCorr   .            (no gloves)
SInv    .            k - +0 pair of boots
Will    .....        (no amulet)
Stlth   +++          j - ring of magical power
HPRegen 0.25/turn    (no ring)
MPRegen 0.20/turn

%: no passive effects
@: no status effects
A: no striking features
a: no special abilities


You were on level 5 of the Dungeon.
You visited 1 branch of the dungeon, and saw 7 of its levels.

You collected 224 gold pieces.

Inventory:

Hand Weapons
 e - a +0 dagger
 t - a +2 flail of protection (weapon)
Armour
 a - a +0 robe (worn)
 k - a +0 pair of boots (worn)
Magical Staves
 s - a staff of air
Jewellery
 h - a ring of protection from fire
 j - a ring of magical power (left hand)
Wands
 r - a wand of flame (6)
Scrolls
 c - a scroll of immolation {unknown}
 d - a scroll of noise
 f - a scroll of summoning
 l - a scroll of teleportation {unknown}
 u - a scroll of identify
 v - a scroll of torment {unknown}
 w - a scroll of magic mapping {unknown}
Potions
 b - 2 potions of magic
 g - a potion of mutation {unknown}
 i - 2 potions of enlightenment {unknown}
 m - a potion of heal wounds
 n - a potion of haste {unknown}
 o - a potion of brilliance {unknown}
 p - a potion of curing {unknown}
 q - a potion of attraction {unknown}


   Skills:
 - Level 3.4 Dodging
 + Level 4.8 Stealth
 * Level 6.1 Spellcasting
 + Level 5.6 Conjurations


You had 6 spell levels left.
You knew the following spells:

 Your Spells              Type           Power      Damage    Failure   Level
a - Magic Dart            Conj           100%       1d8       1%          1
b - Searing Ray           Conj           72%        2d7       1%          2
c - Fulminant Prism       Conj/Hex       10%        3d9       22%         4
d - Iskenderun's Mystic   Conj/Tloc      21%        2d6       22%         4

Your spell library contained the following spells:

 Spells                   Type           Power      Damage    Failure   Level
 Dazzling Flash           Conj/Hex       42%        N/A       7%          3


Dungeon Overview and Level Annotations

Branches:
Dungeon (7/15)
 Temple: D:4-7

Altars:
Hepliaklqana
Qazlal

Annotations:
D:3 grinder, Grinder
D:7 Dowan


Message History

Press: ? - help, Shift-Dir - straight line, f/p - adder
Aim: an adder (moderately wounded, 100% to hit)
The magic dart hits the adder!
You kill the adder!
Casting: Magic Dart (safe; 1% risk of failure)
Confirm with . or Enter, or press ? or * to list all spells.
You can't see any susceptible monsters within range! (Use Z to cast anyway.)
You start resting.
A centaur comes into view.
A centaur is nearby!
Casting: Magic Dart (safe; 1% risk of failure)
Confirm with . or Enter, or press ? or * to list all spells.
Aiming: Magic Dart (safe; 1% risk of failure)
Press: ? - help, Shift-Dir - straight line, f - centaur
Aim: a centaur (wandering, hasn't noticed you, 100% to hit)
The magic dart hits the centaur.
The centaur is lightly wounded.
The centaur shouts!
The centaur wields a +0 orcbow.
The centaur shoots an arrow.
The arrow hits you!
Unknown command.
Casting: Magic Dart (safe; 1% risk of failure)
Confirm with . or Enter, or press ? or * to list all spells.
Aiming: Magic Dart (safe; 1% risk of failure)
Press: ? - help, Shift-Dir - straight line, f/p - centaur
Aim: a centaur, wielding a +0 orcbow (lightly wounded, 100% to hit)
The magic dart hits the centaur but does no damage.
The centaur is lightly wounded.
The centaur shoots an arrow.
The arrow hits you!
* * * LOW HITPOINT WARNING * * *
Unknown command.
Casting: Magic Dart (safe; 1% risk of failure)
Confirm with . or Enter, or press ? or * to list all spells.
Aiming: Magic Dart (safe; 1% risk of failure)
Press: ? - help, Shift-Dir - straight line, f/p - centaur
Aim: a centaur, wielding a +0 orcbow (lightly wounded, 100% to hit)
The magic dart hits the centaur!
The centaur is heavily wounded.
The centaur shoots an arrow.
The arrow hits you!
You die...

# # .......# #
..†...# # .....#
####### ....# ......#
...######. ..###.#
#......c.. ..# #.#
#......... ..#
#.##########@........
..#
#....................
..#
#...........#########
..# #...........# ..#
#.########### #.# #.#
#.# #.#


You could see a centaur.

Vanquished Creatures
  A jelly (D:4)
  3 iguanas (D:5)
  An orc wizard (D:3)
  3 gnolls (D:3)
  A river rat (D:3)
  8 adders
  A white imp (D:5)
  2 worms
  4 dart slugs
  11 orcs (D:3)
  2 bats (D:1)
  9 endoplasms
  4 giant cockroaches
  8 goblins
  8 hobgoblins
  A jackal (D:2)
  5 quokkas
  4 ball pythons
  6 kobolds
  4 rats
86 creatures vanquished.

Notes
Turn   | Place    | Note
-------+----------+-------------------------------------------
     0 | D:1      | Faragor the Deep Elf Conjurer began the quest for the Orb.
     0 | D:1      | Reached XP level 1. HP: 10/10 MP: 6/6
   610 | D:1      | Reached XP level 2. HP: 15/15 MP: 4/8
  1404 | D:1      | Found a faded altar of an unknown god.
  1903 | D:1      | Reached XP level 3. HP: 19/19 MP: 7/10
  3316 | D:2      | Reached XP level 4. HP: 24/24 MP: 11/11
  3435 | D:2      | Learned a level 2 spell: Searing Ray
  3439 | D:2      | Reached skill level 4 in Spellcasting
  4351 | D:2      | Reached skill level 5 in Conjurations
  4361 | D:2      | Learned a level 4 spell: Fulminant Prism
  4366 | D:2      | Learned a level 4 spell: Iskenderun's Mystic Blast
  4427 | D:3      | Found a glowing drain.
  4745 | D:3      | Reached XP level 5. HP: 28/28 MP: 14/14
  5069 | D:3      | Found a hazy altar of Hepliaklqana.
  5094 | D:3      | Reached skill level 5 in Spellcasting
  5749 | D:3      | Noticed Grinder
  6894 | D:4      | Found a stormy altar of Qazlal.
  7059 | D:4      | You fall into a shaft and drop 3 floors!
  7102 | D:7      | Noticed Dowan
  7102 | D:7      | Noticed a water moccasin
  7254 | D:5      | Entered Level 5 of the Dungeon
  7280 | D:5      | Reached XP level 6. HP: 27/32 MP: 16/16
  7511 | D:5      | Reached skill level 6 in Spellcasting
  7616 | D:5      | Shot with an arrow by a centaur

Illustrated notes

Levels and vault maps discovered:
D:1:      scummos_arrival_forest, layout_loops_cross,
          ebering_ecumenical_altar_hall, minmay_tetromino_o2
D:2:      minmay_inner_zag, layout_basic
D:3:      layout_basic, nzn_hepliaklqana_mist_gate, serial_forest,
          infiniplex_forest_lined_3, infiniplex_forest_lined_room_2,
          infiniplex_forest_end_2, infiniplex_forest_lined_room_3,
          infiniplex_forest_straight_1, infiniplex_forest_zigzag_1,
          infiniplex_forest_straight_2, cheibrodos_sewer_entry_sluice,
          uniq_grinder
D:4:      layout_rooms, grunt_qazlal_clouds, serial_rivers,
          chequers_serial_rivers_room_b, chequers_serial_rivers_room_a,
          chequers_serial_rivers_marsh, chequers_serial_rivers_room_a,
          chequers_serial_rivers_large_b, chequers_serial_rivers_large_a,
          uniq_pikel, uniq_sigmund
D:5:      layout_basic, minmay_temple_entry_hall, kennysheep_small_spiral
D:6:      layout_basic
D:7:      minmay_opposing_rooms, layout_basic, nemelex_spade_bored_becter,
          dk_yredelemnul_ordeal, minmay_manual_monstrance, uniq_duvessa

Skill      XL: |  1  2  3  4  5  6 |
---------------+-------------------+-----
Stealth        | 3 4 |  4.8
Dodging        | 3 |  3.4
Spellcasting   | 4 5 6 |  6.1
Conjurations   | 5 |  5.6

Action                     |  1- 3 |  4- 6 || total
---------------------------+-------+-------++-------
  Melee: Dagger            |       |     6 ||     6
   Cast: Magic Dart        |    76 |   106 ||   182
         Searing Ray       |       |    11 ||    11
    Use: Scroll            |       |     4 ||     4
         Potion            |       |     1 ||     1
 Armour: Robe              |       |     4 ||     4
  Dodge: Dodged            |     1 |     3 ||     4

Table legend: (Time is in decaauts)
 A = Elapsed time spent in this place.
 B = Non-inter-level travel time spent in this place.
 C = Inter-level travel time spent in this place.
 D = Time resting spent in this place.
 E = Time spent auto-exploring this place.
 F = Levels seen in this place.
 G = Mean time per level.
                   A        B        C        D        E       F      G
               +--------+--------+--------+--------+--------+-----+--------+
         Total |   7618 |   7486 |    132 |   4234 |   2584 |   7 | 1088.3 |
       Dungeon |   7618 |   7486 |    132 |   4234 |   2584 |   7 | 1088.3 |
               +--------+--------+--------+--------+--------+-----+--------+

Top non-repeatable levels by time:
     D:1: 2657 daAuts
     D:3: 2362 daAuts
     D:2: 1720 daAuts
     D:5: 361 daAuts
     D:4: 321 daAuts
     D:7: 164 daAuts
     D:6: 29 daAuts
